Map: Dusk Towers

Players

ILLBdA

  • Race: Protoss Protoss
  • League: Diamond

Scrotez - Winner!

  • Race: Zerg Zerg
  • League: Platinum

VOD

Have the link to the VOD?

Description

Time

  • Played on: Dec. 15, 2015, 10:34 p.m.
  • Length: 13:05
Show
View Real Time Build Order
Export as new Build Order

ILLBdA Protoss 

Build Orders: Nexus First, Zealot Archon, Dark Templar Rush 

Get SALT Encoding   

  12  0:01  Probe (Chrono Boost)  
  13  0:12  Probe (Chrono Boost)  
  14  0:18  Pylon  
  14  0:22  Probe (Chrono Boost)  
  15  0:36  Probe (Chrono Boost)  
  16  0:47  Probe (Chrono Boost)  
  17  0:57  Nexus  
  17  1:10  Gateway  
  17  1:12  Probe (Chrono Boost)  
  18  1:18  Assimilator  
  18  1:23  Probe (Chrono Boost)  
  19  1:28  Assimilator  
  19  1:33  Probe (Chrono Boost)  
  20  1:40  Pylon  
  20  1:44  Probe (Chrono Boost)  
  21  1:54  Probe (Chrono Boost)  
  21  1:58  Cybernetics Core  
  22  2:05  Probe (Chrono Boost)  
  23  2:09  Zealot (Chrono Boost)  
  23  2:11  Probe (Chrono Boost)  
  27  2:15  Probe (Chrono Boost)  
  27  2:26  Probe (Chrono Boost)  
  27  2:28  Probe (Chrono Boost)  
  27  2:29  Pylon  
  29  2:34  Sentry (Chrono Boost)  
  29  2:35  Warp Gate  
  31  2:37  Probe (Chrono Boost)  
  32  2:47  Twilight Council  
  32  2:53  Gateway  
  32  3:00  Gateway  
  32  3:02  Probe (Chrono Boost)  
  32  3:03  Sentry  
  35  3:09  Probe (Chrono Boost)  
  36  3:13  Probe (Chrono Boost)  
  37  3:20  Probe (Chrono Boost)  
  37  3:24  Probe (Chrono Boost)  
  37  3:25  Dark Shrine  
  39  3:31  Probe (Chrono Boost)  
  39  3:33  Stalker  
  42  3:42  Probe (Chrono Boost)  
  42  3:44  Assimilator x2  
  43  3:51  Robotics Facility  
  43  3:56  Probe x2 (Chrono Boost), Pylon  
  45  4:06  Probe x2 (Chrono Boost)  
  47  4:18  Probe (Chrono Boost)  
  47  4:20  Probe (Chrono Boost)  
  49  4:25  Pylon  
  49  4:29  Mothership Core (Chrono Boost)  
  51  4:32  Pylon  
  51  4:34  Forge  
  51  4:37  Warp Prism  
  53  4:40  Dark Templar  
  53  4:41  Dark Templar  
  53  4:43  Probe (Chrono Boost)  
  58  4:51  Probe (Chrono Boost)  
  59  4:55  Probe (Chrono Boost)  
  60  5:01  Blink (Chrono Boost)  
  60  5:02  Probe  
  60  5:04  Probe  
  62  5:15  Observer  
  62  5:16  Probe, Nexus  
  62  5:17  Pylon  
  64  5:21  Probe  
  64  5:28  Gateway  
  65  5:29  Gateway  
  65  5:37  Immortal  
  65  5:39  Probe  
  65  5:42  Probe  
  70  5:47  Sentry x2  
  75  5:52  Probe x2  
  75  5:56  Stalker  
  79  6:03  Probe  
  79  6:04  Probe  
  80  6:07  Gateway  
  80  6:09  Gateway  
  81  6:13  Probe  
  81  6:16  Probe  
  83  6:23  Adept  
  83  6:25  Immortal (Chrono Boost)  
  83  6:26  Probe x2  
  83  6:28  Protoss Ground Weapons Level 1 (Chrono Boost)  
  89  6:43  Stalker x4  
  89  6:44  Stalker  
  89  6:46  Probe  
  101  6:47  Probe  
  101  6:49  Assimilator  
  101  7:09  Photon Cannon  
  101  7:13  Photon Cannon  
  101  7:15  Photon Cannon  
  101  7:16  Assimilator  
  101  7:27  Stargate  
  101  7:28  Stargate  
  101  7:31  Pylon  
  101  7:32  Pylon  
  101  7:33  Photon Cannon  
  101  7:47  Observer, Pylon  
  101  7:49  Probe x3  
  101  7:50  Dark Templar x2, Pylon  
  101  7:51  Dark Templar  
  111  7:53  Dark Templar  
  111  7:54  Archon  
  111  7:57  Archon  
  113  8:01  Probe x3  
  113  8:03  Photon Cannon  
  113  8:05  Photon Cannon  
  116  8:07  Photon Cannon  
  116  8:11  Phoenix x2 (Chrono Boost)  
  120  8:13  Probe x2  
  120  8:14  Probe  
  120  8:15  Fleet Beacon, Pylon  
  120  8:17  Pylon  
  120  8:19  Photon Cannon x2  
  123  8:34  Phoenix (Chrono Boost)  
  125  8:36  Phoenix (Chrono Boost)  
  127  8:41  Nexus  
  127  8:49  Zealot x3  
  134  8:55  Phoenix (Chrono Boost)  
  134  8:58  Phoenix (Chrono Boost)  
  134  8:59  Pylon  
  136  9:03  Photon Cannon  
  136  9:04  Pylon  
  136  9:05  Photon Cannon  
  137  9:17  Zealot x2, Phoenix (Chrono Boost)  
  137  9:23  Phoenix (Chrono Boost)  
  143  9:27  Stalker x3  
  149  9:37  Probe  
  148  9:49  Probe, Pylon  
  148  9:51  Pylon x2  
  149  9:53  Pylon, Phoenix  
  149  9:55  Pylon, Phoenix  
  149  9:56  Probe x2  
  149  9:57  Stalker x3  
  161  10:07  Anion Pulse-Crystals (Chrono Boost)  
  161  10:09  Probe  
  161  10:10  Probe  
  161  10:11  Probe  
  164  10:18  Phoenix  
  164  10:19  Stalker x2, Pylon  
  170  10:37  Stalker x5  
  170  10:40  Probe  
  181  10:43  Assimilator  
  181  10:46  Gateway x2  
  181  10:56  Stalker x2  
  185  10:58  Probe  
  186  11:05  Probe  
  187  11:18  Stalker x3  
  189  11:19  Stalker x2  
  192  11:45  Stalker x3  
  196  11:48  Stalker x2  
  200  12:12  Gateway  
  200  12:13  Gateway  
  200  12:14  Gateway  
  198  12:32  Dark Templar  
  198  12:33  Dark Templar  
  198  12:36  Archon  
  192  12:41  Dark Templar  
  186  12:44  Zealot x2  
  186  12:50  Zealot x2  
  186  12:51  Zealot x2  
Show
View Real Time Build Order
Export as new Build Order

Scrotez Zerg - Winner!

Build Orders: Hatch First 

Get SALT Encoding   

  12  0:01  Drone  
  13  0:09  Drone  
  14  0:17  Overlord  
  14  0:36  Drone x3  
  17  0:47  Drone  
  18  0:59  Hatchery, Drone  
  18  1:13  Spawning Pool  
  18  1:16  Drone  
  18  1:20  Drone  
  19  1:40  Hatchery  
  18  1:48  Drone  
  18  1:51  Extractor  
  18  1:55  Drone  
  18  2:00  Queen  
  21  2:02  Overlord  
  21  2:12  Queen  
  23  2:16  Zergling x2  
  23  2:21  Drone  
  25  2:23  Drone  
  25  2:28  Drone  
  25  2:29  Drone  
  28  2:33  Drone  
  29  2:39  Drone  
  29  2:43  Overlord  
  30  2:54  Queen  
  30  2:55  Drone  
  30  2:56  Drone  
  34  2:59  Drone  
  34  3:01  Drone  
  34  3:03  Drone  
  37  3:13  Drone x4  
  37  3:16  Drone  
  37  3:19  Metabolic Boost  
  42  3:29  Overlord  
  42  3:37  Drone x3, Roach Warren  
  42  3:38  Drone  
  45  3:42  Overlord  
  45  3:45  Overlord  
  45  3:51  Drone x2  
  45  3:52  Drone, Extractor  
  45  3:53  Extractor  
  46  3:58  Drone x3  
  46  3:59  Drone  
  46  4:00  Drone  
  46  4:02  Drone  
  52  4:03  Drone  
  52  4:07  Drone  
  52  4:08  Drone  
  52  4:09  Drone  
  56  4:11  Drone x2  
  56  4:13  Drone  
  59  4:18  Evolution Chamber  
  59  4:20  Drone  
  59  4:21  Evolution Chamber  
  58  4:28  Lair  
  58  4:34  Drone x2  
  60  4:38  Overlord x2  
  60  4:39  Overlord x2  
  60  4:48  Spore Crawler  
  60  4:49  Spore Crawler  
  60  4:50  Spore Crawler  
  60  4:51  Roach x4  
  64  4:57  Spore Crawler  
  64  4:58  Roach, Zergling x4  
  64  4:59  Zergling x2  
  68  5:03  Zergling x2  
  68  5:04  Roach, Zergling x2  
  68  5:05  Zergling x2  
  73  5:08  Zerg Missile Weapons Level 1  
  73  5:16  Queen  
  73  5:18  Drone  
  73  5:19  Drone x2  
  78  5:34  Drone x3  
  81  5:35  Zerg Ground Armor Level 1  
  81  5:38  Drone x2  
  81  5:39  Drone x5  
  88  5:47  Extractor  
  88  5:48  Glial Reconstitution, Extractor  
  86  5:51  Overseer  
  86  6:01  Drone x2  
  86  6:02  Drone x2  
  86  6:03  Overlord  
  86  6:04  Overlord x5  
  90  6:05  Overlord  
  90  6:13  Extractor  
  89  6:18  Hatchery  
  87  6:27  Hatchery  
  86  6:37  Spire  
  86  6:38  Drone x3  
  88  6:41  Drone x3  
  88  6:42  Drone x3  
  88  6:44  Overlord  
  88  6:46  Roach x7  
  108  7:09  Spine Crawler  
  108  7:15  Zerg Missile Weapons Level 2  
  107  7:17  Infestation Pit  
  107  7:18  Evolution Chamber  
  107  7:20  Drone  
  107  7:21  Drone  
  107  7:23  Drone x10  
  107  7:24  Drone x2  
  119  7:32  Zerg Ground Armor Level 2  
  119  7:35  Extractor  
  118  7:48  Drone x4, Extractor  
  121  7:55  Zerg Flyer Weapons Level 1  
  121  7:56  Mutalisk x2  
  121  7:58  Mutalisk x5  
  127  7:59  Mutalisk  
  127  8:00  Mutalisk  
  139  8:17  Mutalisk x3  
  139  8:18  Overlord  
  145  8:22  Queen  
  145  8:23  Overlord x2  
  145  8:24  Overlord x2  
  149  8:28  Hatchery, Roach x2  
  149  8:31  Roach  
  149  8:32  Ravager x2  
  157  8:34  Ravager  
  157  8:35  Zergling x2  
  157  8:39  Roach  
  157  8:40  Roach x3  
  166  8:48  Spine Crawler  
  165  8:49  Spine Crawler  
  165  8:51  Spore Crawler  
  161  8:55  Hive  
  161  9:17  Overlord  
  161  9:19  Drone x2  
  161  9:20  Drone  
  161  9:21  Drone x2  
  161  9:22  Drone  
  167  9:34  Zerg Melee Weapons Level 1  
  167  9:35  Extractor  
  164  9:40  Extractor  
  161  9:51  Zerg Flyer Weapons Level 2  
  161  9:55  Zergling x8  
  161  9:57  Overlord x2  
  165  10:12  Zerg Ground Armor Level 3  
  165  10:13  Zerg Missile Weapons Level 3  
  165  10:16  Pathogen Glands  
  165  10:18  Drone x3, Ultralisk Cavern  
  165  10:19  Drone x3  
  165  10:20  Drone  
  171  10:31  Drone x4  
  171  10:32  Drone  
  176  10:41  Spore Crawler, Spine Crawler  
  174  10:42  Spine Crawler  
  174  10:44  Spine Crawler x2  
  174  10:45  Spine Crawler  
  174  10:48  Spine Crawler  
  163  11:07  Chitinous Plating  
  163  11:09  Ultralisk x4  
  163  11:10  Ultralisk x2  
  199  11:11  Adrenal Glands  
  185  11:41  Ultralisk x3  
  187  11:47  Drone x3  
  187  11:53  Infestor x3  
  187  11:54  Infestor x2  
  196  12:01  Zergling x4  
  200  12:08  Spore Crawler  
  200  12:09  Spine Crawler x2  
  200  12:10  Spine Crawler  
  199  12:45  Hatchery  
Tags
 
Add a new tag
Caveats
  • Supply blocks, unpowered buildings, or Contaminate may cause inaccurate times.
  • Supply counts are checked every 10 seconds.